 Dungeon Crawl Stone Soup version 0.24.0-13-gcf9b319 (webtiles) character file.

Game seed: 3854976409667804308, levelgen mode: deterministic

521838 Bronimir the Sharpshooter (level 25, -6/183 HPs)
             Began as a Gnoll Wanderer on Mar 5, 2020.
             Was a High Priest of Yredelemnul.
             Mangled by an Orb Guardian (24 damage)
             ... on level 5 of the Realm of Zot on Mar 7, 2020.
             The game lasted 05:53:25 (58688 turns).

Bronimir the Sharpshooter (Gnoll Wanderer)         Turns: 58688, Time: 05:53:27

Health: -6/183     AC: 21    Str: 20    XL:     25   Next: 31%
Magic:  5/43       EV: 30    Int: 31    God:    Yredelemnul [*****.]
Gold:   5432       SH:  0    Dex: 25    Spells: 6/56 levels left

rFire    + . .     SeeInvis +   a - +7 pair of quick blades "Gyre" and "Gimble" {protect}
rCold    + . .     Gourm    +   (shield currently unavailable)
rNeg     + . .     Faith    .   t - +4 leather armour of the Enchanted Forest {rElec rF+ Int+3 SInv}
rPois    +         Spirit   .   r - +1 hat of Trumpets {rC- Int+10 SInv}
rElec    +         Reflect  .   y - +2 cloak {MR+}
rCorr    .         Harm     .   P - +3 pair of gauntlets of War {Slay+5}
MR       +++..                  G - +2 pair of boots {run}
Stlth    +++++++...             i - amulet of Syofothri {Gourm rPois MR+ Dex+2}
HPRegen  0.40/turn              H - ring of the Octopus King {rC+ AC+1 EV+1 Str+1 Int+1 Dex+1}
MPRegen  0.28/turn              W - ring of Spring {*Slow rC+ rN+ Dex+4}

@: very slightly contaminated, studying 2 skills, quick
A: distributed training, fangs 1, horns 1, deformed body, frail 1, weak 1,
strong nose
}: 3/15 runes: serpentine, barnacled, silver
a: Recall Undead Slaves, Injury Mirror, Animate Dead, Drain Life, Enslave Soul,
Renounce Religion


You were on level 5 of the Realm of Zot.
You worshipped Yredelemnul.
Yredelemnul was extremely pleased with you.
You were not hungry.

You visited 9 branches of the dungeon, and saw 46 of its levels.
You also visited: Sewer, Gauntlet and Wizlab.

You collected 6207 gold pieces.
You spent 775 gold pieces at shops.

Inventory:

Hand Weapons
 a - the +7 pair of quick blades "Gyre" and "Gimble" (weapon) {protect}
   (You took it off a centaur on level 5 of the Dungeon)

   It grants its wielder temporary protection when it strikes (+7 to AC).
 b - a +3 arbalest of freezing
 c - a +3 battleaxe of pain
 j - a +6 triple sword
Missiles
 h - 1554 bolts
 w - 1105 arrows
Armour
 q - the +4 moon troll leather armour {Spirit, Regen++ MP+5}
   (You took it off a moon troll in a wizard's laboratory)

   It affects your magic capacity (+5).
   It increases your rate of regeneration.
 r - the +1 hat of Trumpets (worn) {rC- Int+10 SInv}
   (You found it on level 1 of the Depths)

   It affects your intelligence (+10).
   It makes you vulnerable to cold.
   It lets you see invisible.
 t - the +4 leather armour of the Enchanted Forest (worn) {rElec rF+ Int+3 SInv}
   (You took it off an orc warrior on level 4 of the Vaults)

   It affects your intelligence (+3).
   It protects you from fire.
   It insulates you from electricity.
   It lets you see invisible.
 y - a +2 cloak of magic resistance (worn)
 G - a +2 pair of boots of running (worn)
 P - the +3 pair of gauntlets of War (worn) {Slay+5}
   (You found it on level 4 of the Shoals)

   It affects your accuracy and damage with ranged weapons and melee attacks
   (+5).
Magical Staves
 u - an uncursed staff of death
 v - an uncursed staff of wizardry
Jewellery
 i - the amulet of Syofothri (around neck) {Gourm rPois MR+ Dex+2}
   (You found it on level 2 of the Shoals)

   [amulet of the gourmand]

   It allows you to eat raw meat even when not hungry.
   It affects your dexterity (+2).
   It protects you from poison.
   It affects your resistance to hostile enchantments.
 H - a ring of the Octopus King (left hand) {rC+ AC+1 EV+1 Str+1 Int+1 Dex+1}
   (You found it on level 1 of the Vaults)

   [ring of protection from cold]

   It affects your AC (+1).
   It affects your evasion (+1).
   It affects your strength (+1).
   It affects your intelligence (+1).
   It affects your dexterity (+1).
   It protects you from cold.
 M - the amulet "Hakeik" {Spirit Slay+3}
   (You found it in a wizard's laboratory)

   [amulet of guardian spirit]

   It causes incoming damage to be split between your health and magic.
   It affects your accuracy and damage with ranged weapons and melee attacks
   (+3).
 O - the ring "Ylefarugg" {rElec rF+ MR++ Str-5 Slay+4}
   (You found it in a wizard's laboratory)

   [ring of protection from fire]

   It affects your strength (-5).
   It affects your accuracy and damage with ranged weapons and melee attacks
   (+4).
   It protects you from fire.
   It insulates you from electricity.
   It affects your resistance to hostile enchantments.
 W - the ring of Spring (right hand) {*Slow rC+ rN+ Dex+4}
   (You took it off a skeletal warrior on level 9 of the Dungeon)

   [ring of positive energy]

   It affects your dexterity (+4).
   It protects you from cold.
   It protects you from negative energy.
   It may slow you when you take damage.
Wands
 C - a wand of scattershot (6)
 I - a wand of flame (37)
 K - a wand of acid (15)
 T - a wand of digging (7)
 X - a wand of disintegration (57)
 Z - a wand of iceblast (21)
Scrolls
 d - 4 scrolls of teleportation
 l - 6 scrolls of remove curse
 m - a scroll of enchant armour
 p - a scroll of fog
 A - 2 scrolls of summoning
 E - a scroll of amnesia
 J - 3 scrolls of blinking
 N - a scroll of torment
 U - 3 scrolls of fear
 V - 6 scrolls of identify
Potions
 e - a potion of cancellation
 f - a potion of invisibility
 n - 2 potions of resistance
 o - 4 potions of curing
 x - 2 potions of berserk rage
 z - 3 potions of haste
 B - 3 potions of might
 D - a potion of agility
 L - a potion of heal wounds
 Q - 2 potions of ambrosia
Books
 k - a manual of Crossbows
 s - a manual of Necromancy
Miscellaneous
 F - a crystal ball of energy
 S - a box of beasts
 Y - a lightning rod (4/4)
Comestibles
 g - 37 rations


   Skills:
 + Level 18.2 Fighting
 + Level 16.0 Short Blades
 + Level 16.1 Long Blades
 + Level 16.0 Axes
 + Level 16.0 Maces & Flails
 + Level 16.0 Polearms
 + Level 16.0 Staves
 + Level 16.1 Slings
 + Level 16.0 Bows
 + Level 20.2 Crossbows
 + Level 16.1 Throwing
 + Level 16.0 Armour
 + Level 16.0 Dodging
 + Level 16.4 Stealth
 + Level 16.0 Shields
 + Level 16.1 Unarmed Combat
 + Level 16.0 Spellcasting
 + Level 13.8 Conjurations
 + Level 13.8 Hexes
 + Level 13.8 Charms
 + Level 13.8 Summonings
 + Level 15.0 Necromancy
 + Level 13.8 Translocations
 + Level 13.8 Transmutations
 + Level 13.8 Fire Magic
 + Level 13.8 Ice Magic
 + Level 13.8 Air Magic
 + Level 13.8 Earth Magic
 + Level 13.8 Poison Magic
 + Level 17.2 Invocations
 + Level 16.0 Evocations


You had 6 spell levels left.
You knew the following spells:

 Your Spells              Type           Power        Failure   Level  Hunger
a - Blink                 Tloc           N/A          0%          2    None
b - Summon Forest         Summ/Tloc      #######...   1%          5    None
c - Slow                  Hex            #######.     0%          2    None
d - Summon Hydra          Summ           #######...   6%          7    #####..
f - Regeneration          Chrm/Necr      #######...   0%          3    None
g - Silence               Hex/Air        #######...   1%          5    None
h - Animate Dead          Necr           N/A          1%          4    None
i - Olgreb's Toxic Radia  Pois           #######.     1%          4    None
j - Summon Guardian Gole  Hex/Summ       #######.     1%          3    None
k - Cause Fear            Hex            #######...   1%          4    None
l - Summon Lightning Spi  Summ/Air       #######.     1%          4    None
m - Spectral Weapon       Hex/Chrm       #######.     1%          3    None
n - Summon Ice Beast      Ice/Summ       #######.     1%          4    None

Your spell library contained the following spells:

 Spells                   Type           Power        Failure   Level  Hunger
 Animate Skeleton         Necr           N/A          0%          1    None
 Beastly Appendage        Tmut           ######       0%          1    None
 Confusing Touch          Hex            ######       0%          1    None
 Corona                   Hex            #######      0%          1    None
 Flame Tongue             Conj/Fire      #####        0%          1    None
 Freeze                   Ice            ####         0%          1    None
 Magic Dart               Conj           ####         0%          1    None
 Pain                     Necr           ####         0%          1    None
 Sting                    Conj/Pois      ####         0%          1    None
 Call Imp                 Summ           #######.     0%          2    None
 Corpse Rot               Necr           N/A          0%          2    None
 Poisonous Vapours        Pois/Air       ######       0%          2    None
 Searing Ray              Conj           ######       0%          2    None
 Sticks to Snakes         Tmut           #######.     0%          2    None
 Throw Flame              Conj/Fire      ######       0%          2    None
 Throw Frost              Conj/Ice       ######       0%          2    None
 Vampiric Draining        Necr           #######...   0%          3    None
 Conjure Flame            Conj/Fire      #######.     1%          3    None
 Dazzling Spray           Conj/Hex       ######       1%          3    None
 Inner Flame              Hex/Fire       #######.     1%          3    None
 Mephitic Cloud           Conj/Pois/Air  #######.     1%          3    None
 Ozocubu's Armour         Chrm/Ice       #######.     1%          3    None
 Portal Projectile        Hex/Tloc       ######       1%          3    None
 Spider Form              Tmut/Pois      #######...   1%          3    None
 Stone Arrow              Conj/Erth      ######       1%          3    None
 Force Lance              Conj/Tloc      #######.     1%          4    None
 Fulminant Prism          Conj/Hex       #######...   1%          4    None
 Ice Form                 Ice/Tmut       #######.     1%          4    None
 Iskenderun's Mystic Bla  Conj           #######.     1%          4    None
 Leda's Liquefaction      Hex/Erth       #######...   1%          4    None
 Sticky Flame             Conj/Fire      #######.     1%          4    None
 Throw Icicle             Conj/Ice       #######.     1%          4    None
 Blade Hands              Tmut           #######...   1%          5    None
 Bolt of Magma            Conj/Fire/Erth #######...   1%          5    None
 Fireball                 Conj/Fire      #######...   1%          5    None
 Iskenderun's Battlesphe  Conj/Chrm      #######.     1%          5    None
 Venom Bolt               Conj/Pois      #######...   1%          5    None
 Conjure Ball Lightning   Conj/Air       #######...   1%          6    ##.....
 Deflect Missiles         Chrm/Air       #######...   1%          6    ##.....
 Hydra Form               Tmut           #######...   1%          6    ##.....
 Iron Shot                Conj/Erth      #######...   1%          6    ##.....
 Poison Arrow             Conj/Pois      #######...   1%          6    ##.....
 Orb of Destruction       Conj           #######...   6%          7    #####..
 Spellforged Servitor     Conj/Summ      #######...   6%          7    #####..
 Chain Lightning          Conj/Air       #######...   41%         8    ######.
 Lehudib's Crystal Spear  Conj/Erth      #######...   41%         8    ######.
 Fire Storm               Conj/Fire      #######...   100%        9    #######
 Glaciate                 Conj/Ice       #######...   100%        9    #######
 Tornado                  Air            #######...   100%        9    #######


Dungeon Overview and Level Annotations

Branches:
Dungeon (15/15)            Temple (1/1) D:7            Lair (6/6) D:10
 Shoals (4/4) Lair:3        Snake (4/4) Lair:4        Slime (0/5) Lair:5
    Orc (2/2) D:12            Elf (0/3) Orc:2        Vaults (5/5) D:13
  Crypt (0/3) Vaults:3     Depths (5/5) D:15            Zot (5/5) Depths:5
  Sewer (visited)          WizLab (visited)         Gauntlet (visited)

Altars:
Ashenzari
Cheibriados
Dithmenos
Elyvilon
Fedhas
Gozag
Hepliaklqana
Kikubaaqudgha
Makhleb
Nemelex Xobeh
Okawaru
Qazlal
Ru
Sif Muna
Trog
Uskayaw
Vehumet
Wu Jian
Xom
Yredelemnul
Zin
The Shining One
Beogh

Shops:
D:5 !!:   Orc:2 [*::   Shoals:2 (   Snake:1 }   Snake:3 *   Vaults:1 (
Vaults:2 [   Depths:2 =}=   Depths:5 }

Portals:
Hell: Depths:1 Depths:2 Depths:5
Abyss: Depths:2
Pandemonium: Depths:5
Trove: D:13 (show slimy rune of Zot)

Annotations:
D:4 Duvessa


Innate Abilities, Weirdness & Mutations

Your experience applies equally to all skills.
You have very sharp teeth.
Your uncanny sense of smell can sniff out nearby items.
You have a pair of small horns on your head.
Armour fits poorly on your strangely shaped body.
You are frail. (-10% HP)
You are weak. (Str -2)


Message History

The Orb Guardian convulses!
The golden dragon convulses!
The Orb Guardian hits you!
* * * LOW HITPOINT WARNING * * *
The storm dragon is engulfed in poison gas.
The storm dragon looks as sick as possible!
The curse toe calls on the powers of darkness!
The moth of wrath convulses!
The golden dragon convulses!
The Killer Klown convulses!
The storm dragon convulses!
Your body is wracked with pain!
* * * LOW HITPOINT WARNING * * *
The Orb Guardian convulses!
The golden dragon convulses!
The Orb Guardian completely misses you.
You hear a roar! x4
You feel much better. The storm dragon barely misses you.
The storm dragon completely misses you. The storm dragon closely misses you.
The Orb Guardian hits you!
* * * LOW HITPOINT WARNING * * *
The Killer Klown blinks!
The Orb Guardian hits you!!
You die...
Your body rises from the dead as a mindless zombie.

.......
........
▓▓.....##▓
▓▓.........
▓▓..........
▓▓...§.§.....
▓...§X§§.....
▓..§@XD§.....
▓▓.§D*.§.....
▓▓§fDXL......*
▓▓X°..4......
▓▓.L82fy......
▓▓..2.4..f.....
▓......4..)..^.
▓...zV..[.Z...^
▓▓..°)).)f.....


You could see an orb of fire, a tentacled monstrosity, 2 golden dragons, an
ancient lich, a storm dragon (berserk), 2 Orb Guardians, an orange demon, a
deathcap, a moth of wrath, 2 wandering mushrooms and a friendly moth of wrath
zombie.

Vanquished Creatures
  An ancient lich (Depths:1)
  Boris (Depths:5)
  A curse toe (Zot:4)
  11 golden dragons
  The ghost of meepyknight the Peltast, a veteran GrFi of the Shining One (Vaults:4)
  3 electric golems
  6 tentacled monstrosities
  A moon troll (WizLab)
  2 titans (Vaults:5)
  2 quicksilver dragons
  A tengu reaver (Vaults:5)
  8 tentacled starspawn (WizLab)
  Kirke (Lair:5)
  2 sphinxes (Vaults:3)
  2 death cobs (Zot:3)
  Donald (Vaults:2)
  8 storm dragons
  6 nagarajas (Snake:4)
  4 shadow dragons
  A draconian monk (Zot:1)
  3 frost giants
  4 ghost moths
  7 draconian knights
  5 vault wardens
  A draconian scorcher (Depths:5)
  2 fire giants
  The ghost of Glennadil the Fighter, a journeyman GnWn of Makhleb (Depths:1)
  A cacodemon (WizLab)
  2 iron dragons
  A deep elf elementalist (Vaults:5)
  A draconian shifter (Zot:2)
  An orc warlord (Vaults:4)
  A draconian annihilator (Zot:1)
  A war gargoyle (WizLab)
  4 ironheart preservers
  4 draconian stormcallers
  10 very ugly things
  An entropy weaver (shapeshifter) (Vaults:5)
  13 stone giants
  A vampire knight (Depths:2)
  3 green draconians
  A deep elf demonologist (Vaults:5)
  2 starcursed masses (WizLab)
  9 black draconians
  2 entropy weavers
  A dire elephant (Gauntlet)
  2 pale draconians (Depths:5)
  A red draconian (Zot:1)
  6 yellow draconians
  4 purple draconians
  A minotaur (Gauntlet)
  5 white draconians
  A deep elf death mage (Vaults:5)
  An eidolon (Vaults:3)
  6 ettins
  A merfolk javelineer (Shoals:3)
  4 fire dragons
  2 crystal guardians (WizLab)
  Josephine (Shoals:1)
  3 merfolk impalers
  13 yaktaur captains
  2 rakshasas
  14 vault guards
  4 great orbs of eyes
  8 hydras
  3 ice dragons
  A spriggan air mage (Depths:5)
  7 naga warriors
  An alligator snapping turtle (Shoals:3)
  13 anacondas
  2 satyrs
  9 centaur warriors
  Erica (D:9)
  A merfolk avatar (Shoals:1)
  3 tengu warriors
  2 deep troll shamans
  A two-headed ogre (shapeshifter) (D:15)
  A merfolk aquamancer (Shoals:4)
  A dancing weapon (Vaults:5)
  4 death knights
  33 two-headed ogres
  A vampire mage (Depths:2)
  10 ogre magi
  2 deep troll earth magi (Depths:1)
  2 spriggan berserkers (Depths:5)
  5 naga sharpshooters
  An orc high priest (Vaults:4)
  7 deep elf knights
  6 shock serpents
  4 salamander mystics
  The ghost of kingofstarryskies the Protected, a novice DsAK of Lugonu (D:8)
  6 sea snakes
  2 flayed ghosts
  6 skeletal warriors
  A deep troll (shapeshifter) (Vaults:5)
  A storm dragon skeleton (Depths:2)
  6 deep trolls
  7 wizards
  2 unseen horrors
  15 ironbrand convokers
  2 lindwurms (Snake:4)
  4 deep elf archers (Vaults:2)
  2 tengu zombies
  A swamp dragon (Depths:5)
  2 naga ritualists
  A phantasmal warrior (Vaults:3)
  12 deep elf magi
  9 glowing orange brains
  18 orc knights
  6 harpies
  2 necromancers (Depths:3)
  30 ugly things
  A mana viper (shapeshifter) (Vaults:5)
  An orb spider (shapeshifter) (Vaults:3)
  16 fauns
  15 mana vipers
  2 manticores
  2 orc sorcerers
  4 wolf spiders
  A manticore (shapeshifter) (D:15)
  3 cyclopes
  2 wolf spiders (shapeshifter)
  The ghost of mrmadmankid the Cudgeler, a novice TrBe of Trog (D:5)
  16 moths of wrath
  7 salamanders
  4 eyes of devastation (WizLab)
  5 elephants
  5 guardian serpents
  10 vault sentinels
  4 merfolk sirens
  Psyche (D:9)
  24 black mambas
  A guardian serpent (shapeshifter) (Depths:2)
  12 naga magi
  A rust devil (Depths:1)
  15 spiny frogs
  A gargoyle (D:13)
  2 spiny frogs (shapeshifter)
  A spriggan zombie (Depths:1)
  4 komodo dragons
  5 freezing wraiths
  2 yaktaurs (shapeshifter)
  24 yaktaurs
  2 ice devils (Lair:6)
  A spriggan skeleton (Depths:1)
  A red devil (Depths:1)
  2 tengu conjurers
  8 trolls
  3 tyrant leeches
  12 merfolk
  2 hornets
  A jumping spider (shapeshifter) (Depths:2)
  A polar bear (shapeshifter) (Vaults:3)
  14 slime creatures
  9 blink frogs
  A dream sheep (Lair:5)
  13 hippogriffs
  2 snapping turtles (Shoals:1)
  9 wyverns
  A flying skull (Vaults:3)
  4 redbacks
  A spriggan (D:7)
  A tarantella (shapeshifter) (Vaults:4)
  7 water elementals
  7 wraiths
  Sigmund (D:4)
  2 hogs (shapeshifter)
  4 basilisks
  7 golden eyes (WizLab)
  44 yaks
  2 hogs (Lair:5)
  2 humans (D:13)
  2 neqoxecs (WizLab)
  2 hungry ghosts
  2 steam dragons (Depths:5)
  4 vampire mosquitoes
  Menkaure (D:7)
  12 wargs
  Edmund (D:5)
  22 nagas
  10 water moccasins
  A soldier ant (D:14)
  3 swamp worms (Gauntlet)
  9 porcupines
  A spiny frog zombie (Lair:6)
  6 ice beasts
  A black bear (D:7)
  4 phantoms
  2 eyes of draining
  A necrophage (D:7)
  55 orc warriors
  A sky beast (D:8)
  26 ogres
  A boggart (Vaults:3)
  2 vampire mosquito zombies (Lair:6)
  13 wolves
  11 crocodiles
  17 centaurs
  An elf skeleton (Vaults:4)
  Blork the orc (D:3)
  A big kobold (D:9)
  18 bullfrogs
  2 wyvern zombies (D:9)
  2 human skeletons (Vaults:4)
  Dowan (D:4)
  4 scorpions
  8 wights
  An electric eel (Lair:6)
  4 howler monkeys
  11 crimson imps
  9 hounds
  6 jellies
  A quasit (D:9)
  4 centaur zombies
  21 orc priests
  Crazy Yiuf (D:4)
  15 orc wizards
  A bullfrog skeleton (D:8)
  5 centaur skeletons
  8 iguanas
  15 worker ants
  4 hell rats (Lair:6)
  A crocodile zombie (Lair:6)
  A hound zombie (D:6)
  A hound skeleton (D:9)
  A hell rat zombie (Lair:6)
  2 worker ant zombies
  2 gnolls (D:9)
  A howler monkey skeleton (D:9)
  19 adders
  2 river rats (Sewer)
  2 shadow imps
  2 white imps (Gauntlet)
  7 oozes
  An adder zombie (D:7)
  2 worms (D:4)
  A dart slug (D:1)
  5 leopard geckos
  137 orcs
  5 ball pythons
  5 bats
  10 giant cockroaches
  11 goblins
  9 hobgoblins
  6 jackals
  10 kobolds
  9 quokkas
  11 frilled lizards
  A jackal zombie (D:9)
  2 quokka skeletons
  2 quokka zombies
  15 rats
  A plant (Lair:6)
  8 starspawn tentacles (WizLab)
1483 creatures vanquished.

Vanquished Creatures (collateral kills)
  An orb of fire (Zot:3)
  5 ancient liches
  A Killer Klown (Zot:5)
  A curse toe (Zot:5)
  2 golden dragons (Vaults:5)
  An electric golem (Zot:3)
  5 tentacled monstrosities
  4 liches
  4 Orb Guardians (Zot:5)
  3 titans (Vaults:5)
  3 quicksilver dragons
  A sphinx (Depths:5)
  Gastronok (Orc:1)
  3 death cobs
  6 storm dragons
  3 nagarajas
  2 tengu reavers (Vaults:5)
  6 draconian monks
  The ghost of Soxo the Basher, a journeyman NaWz of Vehumet (D:14)
  4 shadow dragons
  2 fire giants
  A ghost moth (Zot:2)
  2 frost giants (Vaults:5)
  2 deep elf sorcerers (Vaults:1)
  An orc warlord (Vaults:4)
  An iron dragon (Zot:3)
  2 draconian knights
  3 draconian scorchers
  A ghoul (Vaults:4)
  2 draconian shifters
  6 vault wardens
  3 ironheart preservers
  2 draconian stormcallers
  3 draconian annihilators
  2 war gargoyles (Vaults:5)
  6 black draconians
  4 very ugly things
  3 green draconians
  8 stone giants
  2 deep elf demonologists
  4 purple draconians
  10 yellow draconians
  An ettin (Vaults:2)
  7 red draconians
  4 white draconians
  6 deep elf death magi
  3 merfolk javelineers
  2 fire dragons
  A deep elf high priest (Vaults:5)
  3 merfolk impalers (Shoals:4)
  A great orb of eyes (Vaults:5)
  3 ogre magi
  12 yaktaur captains
  A hell beast (Depths:1)
  23 vault guards
  3 hydras
  6 centaur warriors
  3 ice dragons
  3 rakshasas
  3 naga warriors
  2 death knights
  9 two-headed ogres
  An alligator snapping turtle (Shoals:3)
  4 anacondas
  A merfolk aquamancer (Shoals:4)
  3 satyrs
  3 deep troll shamans (Depths:1)
  2 deep troll earth magi (Depths:1)
  3 naga sharpshooters
  2 orc high priests (Vaults:4)
  2 deep elf knights (Vaults:2)
  A salamander mystic (Snake:4)
  A fire crab (shapeshifter) (Depths:1)
  2 flayed ghosts (Vaults:4)
  A glowing orange brain (shapeshifter) (Vaults:5)
  8 deep trolls
  4 sea snakes
  A skeletal warrior (D:9)
  5 naga ritualists
  An orange crystal statue (WizLab)
  An unseen horror (shapeshifter) (Vaults:2)
  A glowing orange brain (Vaults:4)
  3 deep elf archers
  4 phantasmal warriors
  3 mana vipers
  2 lindwurms (Snake:4)
  2 swamp dragons (Depths:5)
  9 orc knights
  6 harpies
  17 ugly things
  2 wolf spiders
  8 ironbrand convokers
  3 necromancers
  An orb spider (shapeshifter) (Vaults:4)
  An orc sorcerer (Vaults:5)
  2 fire giant zombies
  4 salamanders
  4 deep elf magi
  13 slime creatures
  A sphinx skeleton (Depths:2)
  11 moths of wrath
  A moth of wrath (shapeshifter) (Vaults:5)
  20 fauns
  4 cyclopes
  3 guardian serpents
  9 merfolk sirens
  8 vault sentinels
  13 manticores
  4 water nymphs
  18 naga magi
  4 centaur zombies
  4 black mambas
  A gargoyle (D:14)
  10 spiny frogs
  A spiny frog (shapeshifter) (Vaults:1)
  A komodo dragon (shapeshifter) (Vaults:4)
  10 yaktaurs
  A rime drake (Lair:3)
  A yaktaur (shapeshifter) (Vaults:2)
  4 freezing wraiths
  2 komodo dragons
  A meliai (shapeshifter) (Depths:1)
  A tengu conjurer (Shoals:3)
  A jumping spider (Vaults:4)
  A tyrant leech (Lair:6)
  15 merfolk
  A polar bear (shapeshifter) (Vaults:2)
  3 wind drakes
  2 hornets
  A troll (shapeshifter) (D:15)
  8 blink frogs
  3 snapping turtles
  2 dream sheep (Shoals:4)
  A hippogriff (shapeshifter) (Vaults:4)
  3 hippogriffs
  A frost giant simulacrum (Depths:1)
  A black mamba zombie (Snake:4)
  A wraith (Shoals:1)
  2 wyverns
  A fire dragon skeleton (Depths:1)
  13 yaks
  21 water elementals
  A hog (Lair:5)
  2 basilisks
  A steam dragon (Depths:5)
  4 vampire mosquitoes
  4 wargs
  14 nagas
  An acid dragon (D:15)
  7 orc warriors
  4 water moccasins
  A black bear (D:9)
  6 ogres
  3 wolves
  3 crocodiles
  A big kobold (D:11)
  3 bullfrogs
  A howler monkey (D:9)
  A bullfrog zombie (D:14)
  3 orc wizards
  4 orc priests
  A naga zombie (Snake:2)
  2 gnolls (D:9)
  An adder (D:9)
  24 orcs
  4 kobolds (D:11)
  4 bushes (Shoals:1)
  A crawling corpse (Vaults:5)
  A demonic plant (WizLab)
  20 fungi
  123 plants
  2 starspawn tentacles (WizLab)
815 creatures vanquished.

Vanquished Creatures (others)
  2 profane servitors (Zot:5)
  A bone dragon (Zot:5)
  7 ghouls
  3 vampire knights
  A purple draconian (Zot:2)
  2 very ugly thing zombies (WizLab)
  9 skeletal warriors
  A storm dragon zombie (Vaults:5)
  An anaconda zombie (Snake:4)
  An entropy weaver zombie (Vaults:3)
  A tengu zombie (Vaults:5)
  13 flayed ghosts
  9 phantasmal warriors
  A sphinx zombie (Vaults:3)
  A mana viper (Snake:3)
  2 draconian zombies
  A stone giant zombie (WizLab)
  A black mamba (Snake:3)
  A draconian skeleton (Zot:5)
  A purple draconian zombie (Zot:2)
  A black draconian zombie (Zot:5)
  A yellow draconian zombie (Zot:5)
  A sea snake zombie (Shoals:1)
  A redback zombie (Vaults:3)
  A black draconian skeleton (Zot:5)
  5 harpy zombies
  5 moth of wrath zombies
  6 ugly thing zombies
  4 black mamba zombies
  2 wraiths
  12 vampires
  7 flying skulls
  A water nymph zombie (Shoals:4)
  A faun zombie (Shoals:1)
  2 two-headed ogre zombies
  A naga (Snake:4)
  A spiny frog zombie (Lair:5)
  2 merfolk zombies
  2 blink frog zombies (Lair:6)
  6 elf zombies
  A manticore zombie (Shoals:4)
  A vampire mosquito zombie (Lair:6)
  3 yaktaur zombies
  A hippogriff zombie (D:11)
  16 human zombies
  4 cyclops zombies
  2 wyvern zombies (Lair:5)
  A water moccasin zombie (Lair:5)
  A komodo dragon skeleton (Lair:3)
  2 yak zombies
  A troll zombie (D:9)
  2 wights
  2 centaur zombies
  5 bullfrog zombies
  A bullfrog skeleton (Lair:6)
  A soldier ant zombie (D:14)
  A centaur skeleton (Shoals:1)
  12 naga zombies
  2 ogre zombies (D:10)
  5 spectral orcs
  A crocodile zombie (Lair:6)
  An ogre skeleton (Orc:2)
  2 mummies (Lair:6)
  A worker ant zombie (D:9)
  A howler monkey skeleton (D:9)
  An adder skeleton (D:9)
  An orc (Vaults:4)
  A gnoll zombie (D:9)
  4 orc skeletons
  32 orc zombies
  A quokka zombie (D:8)
  2 fungi
  28 plants
  2 spectral weapons
  12 starspawn tentacles (WizLab)
  2 withered plants (D:8)
277 creatures vanquished.

Grand Total: 2575 creatures vanquished

Notes
Turn   | Place    | Note
-------+----------+-------------------------------------------
     0 | D:1      | Reached skill level 10 in Fighting
     0 | D:1      | Bronimir the Gnoll Wanderer began the quest for the Orb.
     0 | D:1      | Bronimir set off with the following items: a +0 spear, a
                  | potion of haste, a scroll of fear, a scroll of
                  | teleportation, a +0 robe, a +0 dagger, a ration
     0 | D:1      | Reached XP level 1. HP: 28/28 MP: 1/1
   160 | D:1      | Reached XP level 2. HP: 34/36 MP: 2/2
   713 | D:1      | Reached XP level 3. HP: 42/42 MP: 3/3
   848 | D:2      | Reached skill level 1 in Short Blades
   848 | D:2      | Reached skill level 1 in Axes
   848 | D:2      | Reached skill level 1 in Maces & Flails
   848 | D:2      | Reached skill level 1 in Polearms
   848 | D:2      | Reached skill level 1 in Staves
   848 | D:2      | Reached skill level 1 in Slings
   848 | D:2      | Reached skill level 1 in Bows
   848 | D:2      | Reached skill level 1 in Crossbows
   848 | D:2      | Reached skill level 1 in Armour
   848 | D:2      | Reached skill level 1 in Dodging
   848 | D:2      | Reached skill level 1 in Shields
   848 | D:2      | Reached skill level 1 in Spellcasting
   848 | D:2      | Reached skill level 1 in Invocations
   848 | D:2      | Reached skill level 1 in Evocations
   938 | D:2      | Reached XP level 4. HP: 41/48 MP: 5/5
  1084 | D:2      | Reached skill level 1 in Conjurations
  1084 | D:2      | Reached skill level 1 in Hexes
  1084 | D:2      | Reached skill level 1 in Charms
  1084 | D:2      | Reached skill level 1 in Summonings
  1084 | D:2      | Reached skill level 1 in Necromancy
  1084 | D:2      | Reached skill level 1 in Translocations
  1084 | D:2      | Reached skill level 1 in Transmutations
  1084 | D:2      | Reached skill level 1 in Fire Magic
  1084 | D:2      | Reached skill level 1 in Ice Magic
  1084 | D:2      | Reached skill level 1 in Air Magic
  1084 | D:2      | Reached skill level 1 in Earth Magic
  1084 | D:2      | Reached skill level 1 in Poison Magic
  1670 | D:2      | Reached XP level 5. HP: 31/54 MP: 6/6
  2361 | D:3      | Noticed Blork the orc
  2376 | D:3      | Killed Blork the orc
  2387 | D:3      | Found a shimmering blue altar of Sif Muna.
  2482 | D:3      | Reached XP level 6. HP: 61/61 MP: 8/8
  2678 | D:4      | Noticed Sigmund
  2678 | D:4      | Noticed a phantom
  2742 | D:4      | Killed a phantom
  2742 | D:4      | Reached skill level 2 in Crossbows
  3100 | D:4      | Killed Sigmund
  3100 | D:4      | Reached XP level 7. HP: 49/67 MP: 10/10
  3314 | D:4      | Found a glowing drain.
  3356 | Sewer    | Entered a sewer
  4090 | D:4      | Found a runed translucent door.
  4091 | D:4      | Noticed Crazy Yiuf
  4114 | D:4      | Killed Crazy Yiuf
  4114 | D:4      | Reached skill level 5 in Stealth
  4226 | D:4      | Noticed Duvessa
  4226 | D:4      | Noticed Dowan
  4232 | D:4      | Killed Dowan
  4618 | D:5      | Entered Level 5 of the Dungeon
  4667 | D:5      | Reached XP level 8. HP: 71/74 MP: 12/12
  4724 | D:5      | Reached skill level 3 in Crossbows
  4956 | D:5      | Noticed Edmund
  4961 | D:5      | Learned a level 2 spell: Blink
  4964 | D:5      | Learned a level 2 spell: Call Imp
  4967 | D:5      | Learned a level 2 spell: Slow
  4971 | D:5      | Learned a level 3 spell: Conjure Flame
  4975 | D:5      | Learned a level 3 spell: Mephitic Cloud
  4996 | D:5      | Killed Edmund
  5398 | D:5      | Found Oshroczamp's Distillery.
  5403 | D:5      | Bought a potion of might for 48 gold pieces
  5403 | D:5      | Bought a potion of mutation for 96 gold pieces
  5403 | D:5      | Bought a potion of curing for 36 gold pieces
  5403 | D:5      | Gained mutation: You have supernaturally acute eyesight.
                  | (SInv) [potion of mutation]
  5403 | D:5      | Gained mutation: Your mind is acute. (Int +2) [potion of
                  | mutation]
  5470 | D:5      | Found Zoig's Distillery.
  5474 | D:5      | Bought a potion of degeneration for 10 gold pieces
  5488 | D:5      | Found a runed translucent door.
  5494 | D:5      | Noticed mrmadmankid's ghost (novice TrBe)
  5928 | D:5      | Killed mrmadmankid's ghost
  6103 | D:5      | Found a shadowy altar of Dithmenos.
  6205 | D:5      | Found Juijou's Book Shop.
  6401 | D:6      | Reached XP level 9. HP: 76/81 MP: 14/14
  6708 | D:6      | Reached skill level 4 in Crossbows
  7118 | D:6      | Reached skill level 5 in Long Blades
  7118 | D:6      | Reached skill level 5 in Throwing
  7118 | D:6      | Reached skill level 5 in Unarmed Combat
  7713 | D:7      | Found a staircase to the Ecumenical Temple.
  7725 | Temple   | Entered the Ecumenical Temple
  7951 | Temple   | Became a worshipper of Yredelemnul the Dark
  8045 | D:7      | Found a burning altar of Makhleb.
  8045 | D:7      | Found a hide-covered altar of Uskayaw.
  8165 | D:7      | Noticed Menkaure
  8174 | D:7      | Reached skill level 5 in Invocations
  8177 | D:7      | Killed Menkaure
  8260 | D:7      | Reached XP level 10. HP: 82/88 MP: 17/17
  8513 | D:7      | Reached * piety under Yredelemnul
  8807 | D:8      | Reached skill level 5 in Short Blades
  8807 | D:8      | Reached skill level 5 in Axes
  8807 | D:8      | Reached skill level 5 in Maces & Flails
  8807 | D:8      | Reached skill level 5 in Polearms
  8807 | D:8      | Reached skill level 5 in Staves
  8807 | D:8      | Reached skill level 5 in Slings
  8807 | D:8      | Reached skill level 5 in Bows
  8807 | D:8      | Reached skill level 5 in Crossbows
  8807 | D:8      | Reached skill level 5 in Armour
  8807 | D:8      | Reached skill level 5 in Dodging
  8807 | D:8      | Reached skill level 5 in Shields
  8807 | D:8      | Reached skill level 5 in Spellcasting
  8807 | D:8      | Reached skill level 5 in Evocations
  8862 | D:8      | Found a roughly hewn altar of Beogh.
  9742 | D:8      | Noticed a two-headed ogre
  9753 | D:8      | Killed a two-headed ogre
  9977 | D:8      | Found a runed translucent door.
  9977 | D:8      | Noticed kingofstarryskies's ghost (novice DsAK)
 10802 | D:8      | Killed kingofstarryskies's ghost
 10964 | D:9      | Noticed Psyche
 10973 | D:9      | Killed Psyche
 10977 | D:9      | Noticed a skeletal warrior
 10983 | D:9      | Noticed a two-headed ogre
 11001 | D:9      | Reached XP level 11. HP: 33/95 MP: 19/19
 11007 | D:9      | Reached ** piety under Yredelemnul
 11016 | D:9      | Noticed a brown ugly thing
 11021 | D:9      | Noticed Erica
 11051 | D:10     | Entered Level 10 of the Dungeon
 11357 | D:10     | Found a roughly hewn altar of Beogh.
 11654 | D:10     | Noticed a two-headed ogre
 11671 | D:10     | Killed a two-headed ogre
 11671 | D:10     | Reached skill level 6 in Crossbows
 11671 | D:10     | Reached skill level 5 in Conjurations
 11671 | D:10     | Reached skill level 5 in Hexes
 11671 | D:10     | Reached skill level 5 in Charms
 11671 | D:10     | Reached skill level 5 in Summonings
 11671 | D:10     | Reached skill level 5 in Necromancy
 11671 | D:10     | Reached skill level 5 in Translocations
 11671 | D:10     | Reached skill level 5 in Transmutations
 11671 | D:10     | Reached skill level 5 in Fire Magic
 11671 | D:10     | Reached skill level 5 in Ice Magic
 11671 | D:10     | Reached skill level 5 in Air Magic
 11671 | D:10     | Reached skill level 5 in Earth Magic
 11671 | D:10     | Reached skill level 5 in Poison Magic
 11924 | D:10     | Noticed a skeletal warrior
 11924 | D:10     | Noticed a skeletal warrior
 11925 | D:10     | Noticed a skeletal warrior
 12033 | D:9      | Killed a two-headed ogre
 12283 | D:9      | Reached *** piety under Yredelemnul
 12453 | D:9      | Identified the ring of Spring {*Slow rC+ rN+ Dex+4}
 12494 | D:9      | Killed Erica
 12506 | D:9      | Killed a skeletal warrior
 12597 | D:9      | Killed a brown ugly thing
 13751 | D:10     | Noticed a skeletal warrior
 13813 | D:9      | Killed a skeletal warrior
 13813 | D:9      | Reached XP level 12. HP: 38/102 MP: 22/22
 14491 | D:10     | Reached skill level 7 in Crossbows
 14496 | D:10     | Received a gift from Yredelemnul (3 flying skulls)
 14575 | D:10     | Found a staircase to the Lair.
 14582 | Lair:1   | Entered Level 1 of the Lair of Beasts
 14771 | Lair:1   | Reached **** piety under Yredelemnul
 15412 | Lair:2   | Found a blossoming altar of Fedhas.
 15416 | Lair:2   | Noticed a six-headed hydra
 15432 | Lair:2   | Killed a six-headed hydra
 15683 | Lair:2   | Noticed a six-headed hydra
 15693 | Lair:2   | Killed a six-headed hydra
 16614 | Lair:3   | Reached XP level 13. HP: 74/109 MP: 24/24
 16763 | Lair:3   | Received a gift from Yredelemnul (a wight)
 16834 | Lair:3   | Found a staircase to the Shoals.
 17341 | Lair:4   | Received a gift from Yredelemnul (a mummy)
 17343 | Lair:4   | Found a staircase to the Snake Pit.
 17348 | Lair:4   | Reached skill level 8 in Crossbows
 17378 | Lair:4   | Reached ***** piety under Yredelemnul
 18103 | Lair:5   | Received a gift from Yredelemnul (a mummy)
 18269 | Lair:5   | Found a staircase to the Slime Pits.
 18392 | Lair:5   | Noticed Kirke
 18393 | Lair:5   | Noticed a sphinx
 18409 | Lair:5   | Killed Kirke
 18908 | Lair:6   | Entered Level 6 of the Lair of Beasts
 19242 | Lair:5   | Reached skill level 9 in Crossbows
 19619 | Lair:6   | Reached XP level 14. HP: 105/118 MP: 26/26
 19694 | Lair:6   | Received a gift from Yredelemnul (4 flying skulls)
 19816 | Lair:6   | Received a gift from Yredelemnul (a vampire)
 20828 | Lair:1   | Lost mutation: Your mind is acute. (Int +2) [potion of
                  | mutation]
 20828 | Lair:1   | Lost mutation: You have supernaturally acute eyesight.
                  | (SInv) [potion of mutation]
 20828 | Lair:1   | Gained mutation: You are robust. (+10% HP) [potion of
                  | mutation]
 20828 | Lair:1   | Gained mutation: Potions are less effective at restoring
                  | your health. [potion of mutation]
 20828 | Lair:1   | Gained mutation: You tend to lose your temper in combat.
                  | [potion of mutation]
 20828 | Lair:1   | Gained mutation: You are partially covered in rugged brown
                  | scales. (AC +1, +3% HP) [potion of mutation]
 20829 | Lair:1   | Lost mutation: You tend to lose your temper in combat.
                  | [potion of mutation]
 20829 | Lair:1   | Lost mutation: Potions are less effective at restoring your
                  | health. [potion of mutation]
 20829 | Lair:1   | Gained mutation: You have an increased reservoir of magic.
                  | (+10% MP) [potion of mutation]
 20829 | Lair:1   | Gained mutation: Your muscles are strong. (Str +2) [potion
                  | of mutation]
 20918 | D:11     | Received a gift from Yredelemnul (a wraith)
 21022 | D:11     | Reached skill level 10 in Stealth
 21022 | D:11     | Received a gift from Yredelemnul (a wight)
 21213 | D:11     | Reached skill level 10 in Crossbows
 21437 | D:11     | Learned a level 3 spell: Regeneration
 21441 | D:11     | Learned a level 3 spell: Vampiric Draining
 21446 | D:11     | Learned a level 4 spell: Animate Dead
 21559 | D:12     | Received a gift from Yredelemnul (a vampire)
 21561 | D:12     | Found a staircase to the Orcish Mines.
 21592 | D:12     | Reached skill level 10 in Invocations
 22001 | D:12     | Received a gift from Yredelemnul (a wraith)
 22194 | D:13     | Found a portal to a secret trove of treasure.
 22687 | D:13     | Received a gift from Yredelemnul (a phantasmal warrior)
 23016 | D:13     | Found a gate to the Vaults.
 23746 | Orc:1    | Entered Level 1 of the Orcish Mines
 23752 | Orc:1    | Found a roughly hewn altar of Beogh.
 23753 | Orc:1    | Noticed Nergalle
 23753 | Orc:1    | Noticed Gastronok
 23790 | Orc:1    | Killed Nergalle
 23790 | Orc:1    | Enslaved Nergalle
 23815 | Orc:1    | Killed Gastronok
 24155 | Orc:2    | Entered Level 2 of the Orcish Mines
 24177 | Orc:2    | Found a staircase to the Elven Halls.
 24298 | Orc:2    | Reached XP level 15. HP: 68/140 MP: 31/31
 24691 | Orc:2    | Received a gift from Yredelemnul (a flayed ghost)
 24750 | Orc:1    | HP: 1/140 [orc knight/+1 great sword of protection (35)]
 25254 | Orc:2    | Found an iron altar of Okawaru.
 25311 | Orc:2    | Found Titwoimm's Armour Emporium.
 25311 | Orc:2    | Found Utoleqad's Assorted Antiques.
 25713 | Orc:1    | Learned a level 4 spell: Olgreb's Toxic Radiance
 25725 | Orc:2    | Reached skill level 10 in Long Blades
 25725 | Orc:2    | Reached skill level 10 in Throwing
 25725 | Orc:2    | Reached skill level 10 in Unarmed Combat
 26444 | Orc:2    | Found a roughly hewn altar of Beogh.
 26456 | Orc:2    | Found Efoghorr's Book Emporium.
 26456 | Orc:2    | Found Quamma's Book Shop.
 26461 | Orc:2    | Bought the Disquisition on Enchantment for 585 gold pieces
 26465 | Orc:2    | Learned a level 3 spell: Summon Guardian Golem
 26470 | Orc:2    | Learned a level 4 spell: Cause Fear
 26532 | Orc:2    | Reached skill level 11 in Crossbows
 26691 | Orc:2    | Received a gift from Yredelemnul (a vampire)
 27018 | Snake:1  | Entered Level 1 of the Snake Pit
 27388 | Snake:1  | Received a gift from Yredelemnul (a vampire knight)
 28305 | Snake:1  | Found Moarchada's Gadget Shoppe.
 28521 | Snake:1  | Reached skill level 10 in Short Blades
 28521 | Snake:1  | Reached skill level 10 in Axes
 28521 | Snake:1  | Reached skill level 10 in Maces & Flails
 28521 | Snake:1  | Reached skill level 10 in Polearms
 28521 | Snake:1  | Reached skill level 10 in Staves
 28521 | Snake:1  | Reached skill level 10 in Slings
 28521 | Snake:1  | Reached skill level 10 in Bows
 28521 | Snake:1  | Reached skill level 10 in Armour
 28521 | Snake:1  | Reached skill level 10 in Dodging
 28521 | Snake:1  | Reached skill level 10 in Shields
 28521 | Snake:1  | Reached skill level 10 in Spellcasting
 28521 | Snake:1  | Reached skill level 10 in Evocations
 28908 | Snake:2  | Received a gift from Yredelemnul (a phantasmal warrior)
 29574 | Snake:2  | Received a gift from Yredelemnul (a flayed ghost)
 30248 | Snake:3  | Found a hide-covered altar of Uskayaw.
 30350 | Snake:3  | Noticed a nagaraja
 30368 | Snake:3  | Killed a nagaraja
 30763 | Snake:3  | Reached XP level 16. HP: 95/150 MP: 33/33
 30764 | Snake:3  | Received a gift from Yredelemnul (a vampire)
 30764 | Snake:3  | Reached skill level 12 in Crossbows
 31461 | Snake:3  | Found Byent's Assorted Antiques.
 31663 | Snake:4  | Entered Level 4 of the Snake Pit
 31695 | Snake:4  | Received a gift from Yredelemnul (a skeletal warrior)
 31828 | Snake:4  | Noticed a nagaraja
 31851 | Snake:4  | Killed a nagaraja
 32886 | Snake:4  | Noticed a nagaraja
 32887 | Snake:4  | Noticed a nagaraja
 32902 | Snake:4  | Killed a nagaraja
 32915 | Snake:4  | Killed a nagaraja
 32924 | Snake:4  | Noticed a nagaraja
 33462 | Snake:4  | Killed a nagaraja
 33476 | Snake:4  | Noticed a nagaraja
 33499 | Snake:4  | Killed a nagaraja
 33522 | Snake:4  | Noticed a nagaraja
 33522 | Snake:4  | Noticed a nagaraja
 33545 | Snake:4  | Killed a nagaraja
 33562 | Snake:4  | Killed a nagaraja
 33594 | Snake:4  | Received a gift from Yredelemnul (a phantasmal warrior)
 33610 | Snake:4  | Noticed a nagaraja
 33627 | Snake:4  | Killed a nagaraja
 33980 | Snake:4  | Reached skill level 13 in Crossbows
 34018 | Snake:4  | Reached XP level 17. HP: 145/158 MP: 29/35
 34075 | Snake:4  | Got a serpentine rune of Zot
 34881 | Shoals:1 | Entered Level 1 of the Shoals
 34929 | Shoals:1 | Received a gift from Yredelemnul (a skeletal warrior)
 35429 | Shoals:1 | Received a gift from Yredelemnul (a skeletal warrior)
 35653 | Shoals:1 | Got a dazzling scale mail
 35664 | Shoals:1 | Identified the cursed +0 scale mail of Kageon {rN+} (You
                  | found it on level 1 of the Shoals)
 36193 | Shoals:1 | Received a gift from Yredelemnul (a vampire)
 36462 | Shoals:1 | Noticed Josephine
 36478 | Shoals:1 | Killed Josephine
 36561 | Shoals:2 | Got an ancient pewter amulet
 36562 | Shoals:2 | Identified the amulet of Syofothri {Gourm rPois MR+ Dex+2}
                  | (You found it on level 2 of the Shoals)
 36895 | Shoals:2 | Received a gift from Yredelemnul (a profane servitor)
 37078 | Shoals:2 | Found Bodi's Weapon Emporium.
 37704 | Shoals:3 | Received a gift from Yredelemnul (a skeletal warrior)
 38174 | Shoals:4 | Entered Level 4 of the Shoals
 38337 | Shoals:4 | Received a gift from Yredelemnul (a phantasmal warrior)
 38356 | Shoals:4 | Received a gift from Yredelemnul (a bone dragon)
 38368 | Shoals:4 | Reached skill level 14 in Crossbows
 38379 | Shoals:4 | Received a gift from Yredelemnul (a phantasmal warrior)
 38381 | Shoals:4 | Got a barnacled rune of Zot
 38486 | Shoals:4 | Reached skill level 10 in Conjurations
 38486 | Shoals:4 | Reached skill level 10 in Hexes
 38486 | Shoals:4 | Reached skill level 10 in Charms
 38486 | Shoals:4 | Reached skill level 10 in Summonings
 38486 | Shoals:4 | Reached skill level 10 in Necromancy
 38486 | Shoals:4 | Reached skill level 10 in Translocations
 38486 | Shoals:4 | Reached skill level 10 in Transmutations
 38486 | Shoals:4 | Reached skill level 10 in Fire Magic
 38486 | Shoals:4 | Reached skill level 10 in Ice Magic
 38486 | Shoals:4 | Reached skill level 10 in Air Magic
 38486 | Shoals:4 | Reached skill level 10 in Earth Magic
 38486 | Shoals:4 | Reached skill level 10 in Poison Magic
 38539 | Shoals:4 | Found a runed translucent door.
 38664 | Shoals:4 | Found the +3 pair of gauntlets of War {Slay+5}
 38717 | Shoals:4 | Reached XP level 18. HP: 167/167 MP: 37/37
 38778 | Shoals:4 | Learned a level 4 spell: Summon Lightning Spire
 38782 | Shoals:4 | Learned a level 3 spell: Spectral Weapon
 38859 | Shoals:4 | Got a pitted golden ring
 38860 | Shoals:4 | Identified the ring of Moodiness {Fire rN+} (You took it
                  | off a merfolk siren on level 4 of the Shoals)
 39517 | D:14     | Found a shimmering altar of Xom.
 39644 | D:14     | Reached skill level 15 in Fighting
 39722 | D:14     | Found a runed translucent gate.
 39724 | D:14     | Found a runed translucent gate.
 39724 | D:14     | Found a runed translucent gate.
 39726 | D:14     | Noticed Soxo's ghost (journeyman NaWz)
 39792 | D:14     | Reached ****** piety under Yredelemnul
 39818 | D:14     | Killed Soxo's ghost
 39819 | D:14     | Received a gift from Yredelemnul (a ghoul)
 40101 | D:15     | Entered Level 15 of the Dungeon
 40438 | D:15     | Found a gate leading to a gauntlet.
 40454 | Gauntlet | Entered a Gauntlet
 40454 | Gauntlet | Found a transporter.
 40454 | Gauntlet | Found a transporter.
 40454 | Gauntlet | Found a runed translucent door.
 40456 | Gauntlet | Found a runed translucent door.
 40464 | Gauntlet | Found a transporter.
 40464 | Gauntlet | Found a transporter.
 40489 | Gauntlet | Found a runed translucent gate.
 40489 | Gauntlet | Found a runed translucent gate.
 40490 | Gauntlet | Found a transporter.
 40492 | Gauntlet | Found a runed translucent gate.
 40493 | Gauntlet | Found a transporter.
 40511 | Gauntlet | Found a transporter.
 40511 | Gauntlet | Found a transporter.
 40526 | Gauntlet | Found a transporter.
 40526 | Gauntlet | Found a transporter.
 40563 | Gauntlet | Found a transporter.
 40585 | Gauntlet | Received a gift from Yredelemnul (a profane servitor)
 40595 | Gauntlet | Found a transporter.
 40656 | Gauntlet | Lost mutation: Your muscles are strong. (Str +2) [potion of
                  | mutation]
 40656 | Gauntlet | Lost mutation: You are robust. (+10% HP) [potion of
                  | mutation]
 40656 | Gauntlet | Lost mutation: You are partially covered in rugged brown
                  | scales. (AC +1, +3% HP) [potion of mutation]
 40656 | Gauntlet | Lost mutation: You have an increased reservoir of magic.
                  | (+10% MP) [potion of mutation]
 40656 | Gauntlet | Gained mutation: Your natural rate of healing is unusually
                  | fast. [potion of mutation]
 40792 | D:15     | Found a staircase to the Depths.
 40803 | D:15     | Received a gift from Yredelemnul (a ghoul)
 41407 | Vaults:1 | Entered Level 1 of the Vaults
 41644 | Vaults:1 | Received a gift from Yredelemnul (a skeletal warrior)
 42039 | Vaults:1 | Received a gift from Yredelemnul (a vampire)
 42310 | Vaults:1 | Received a gift from Yredelemnul (a phantasmal warrior)
 42411 | Vaults:1 | Reached skill level 15 in Crossbows
 42735 | Vaults:1 | Reached XP level 19. HP: 155/155 MP: 35/35
 42754 | Vaults:1 | Found Ymarcheho's Antique Weapon Boutique.
 42824 | Vaults:1 | Received a gift from Yredelemnul (a ghoul)
 42903 | Vaults:1 | Found the ring of the Octopus King
 42933 | Vaults:1 | Got a ring of the Octopus King
 43280 | Vaults:2 | Found Vovog's Antique Armour Shoppe.
 43298 | Vaults:2 | Received a gift from Yredelemnul (a vampire)
 43755 | Vaults:2 | Identified the ring of Asiuqao {rC+ MP+9}
 43759 | Vaults:2 | Received a gift from Yredelemnul (a vampire)
 44139 | Vaults:2 | Noticed Donald
 44145 | Vaults:2 | Killed Donald
 44974 | Vaults:3 | Reached skill level 16 in Crossbows
 45019 | Vaults:3 | Reached XP level 20. HP: 161/164 MP: 36/36
 45268 | Vaults:3 | Received a gift from Yredelemnul (a flayed ghost)
 45454 | Vaults:3 | Got a polished leather armour
 45470 | Vaults:3 | Identified the cursed +1 leather armour of Sorcery {Regen+
                  | MP-9 Dex+4 Stlth+} (You found it on level 3 of the Vaults)
 45510 | Vaults:3 | Found a staircase to the Crypt.
 45740 | Vaults:3 | Identified a scroll of acquirement
 45741 | Vaults:3 | Found the +0 pair of fencer's gloves {Riposte Dex+3}
 45744 | Vaults:3 | Identified a ring of the Octopus King {rC+ AC+1 EV+1 Str+1
                  | Int+1 Dex+1} (You found it on level 1 of the Vaults)
 45748 | Vaults:3 | Received a gift from Yredelemnul (a flayed ghost)
 46109 | Vaults:4 | Received a gift from Yredelemnul (a flayed ghost)
 46340 | Vaults:4 | Received a gift from Yredelemnul (a flayed ghost)
 46873 | Vaults:4 | Received a gift from Yredelemnul (a flayed ghost)
 46892 | Vaults:4 | Found a runed translucent gate.
 46892 | Vaults:4 | Found a runed translucent gate.
 46893 | Vaults:4 | Found a runed translucent gate.
 46897 | Vaults:4 | Noticed meepyknight's ghost (veteran GrFi)
 46898 | Vaults:4 | Identified the cursed +0 plate armour of Duij {rF- rC+
                  | Int+6}
 47515 | Vaults:4 | Received a gift from Yredelemnul (a vampire)
 47569 | Vaults:4 | Found a roughly hewn altar of Beogh.
 47575 | Vaults:4 | Identified the +4 leather armour of the Enchanted Forest
                  | {rElec rF+ Int+3 SInv}
 47604 | Vaults:4 | Killed meepyknight's ghost
 47749 | Vaults:5 | Entered Level 5 of the Vaults
 47762 | Vaults:5 | Noticed a golden dragon
 47774 | Vaults:5 | Killed a golden dragon
 47774 | Vaults:5 | Reached XP level 21. HP: 160/171 MP: 20/38
 47777 | Vaults:5 | Received a gift from Yredelemnul (a flayed ghost)
 47792 | Vaults:5 | Reached skill level 17 in Crossbows
 47794 | Vaults:5 | Received a gift from Yredelemnul (a skeletal warrior)
 47936 | Vaults:5 | Received a gift from Yredelemnul (a vampire knight)
 47950 | Vaults:5 | Noticed a golden dragon
 47970 | Vaults:5 | Killed a golden dragon
 47995 | Vaults:5 | Identified the +9 mace "Keqarima" {drain, Int+4}
 48023 | Vaults:5 | Noticed a golden dragon
 48026 | Vaults:5 | Killed a golden dragon
 48026 | Vaults:5 | Received a gift from Yredelemnul (a flayed ghost)
 48051 | Vaults:5 | Got a sparkling iron ring
 48052 | Vaults:5 | Identified the ring "Qell" {+Inv rF- rC+ Dex+2} (You found
                  | it on level 5 of the Vaults)
 48078 | Vaults:5 | Noticed a golden dragon
 48102 | Vaults:5 | Killed a golden dragon
 48138 | Vaults:5 | Noticed an ancient lich
 48138 | Vaults:5 | Noticed an ancient lich
 48141 | Vaults:5 | Received a gift from Yredelemnul (a ghoul)
 48141 | Vaults:5 | Killed an ancient lich
 48141 | Vaults:5 | Reached skill level 15 in Invocations
 48143 | Vaults:5 | Killed an ancient lich
 48218 | Vaults:5 | Received a gift from Yredelemnul (a vampire knight)
 48652 | Vaults:5 | Received a gift from Yredelemnul (a skeletal warrior)
 48659 | Vaults:5 | Reached XP level 22. HP: 180/180 MP: 40/40
 48662 | Vaults:5 | Got a silver rune of Zot
 48843 | Vaults:5 | Got a fine spear
 48869 | Vaults:5 | Identified the +2 spear of the Heavens {drain, rF+} (You
                  | found it on level 5 of the Vaults)
 49706 | Lair:1   | Learned a level 5 spell: Summon Forest
 49711 | Lair:1   | Learned a level 4 spell: Summon Ice Beast
 49899 | Depths:1 | Entered Level 1 of the Depths
 49927 | Depths:1 | Received a gift from Yredelemnul (a ghoul)
 49973 | Depths:1 | Received a gift from Yredelemnul (a ghoul)
 50020 | Depths:1 | Found a runed translucent gate.
 50021 | Depths:1 | Found a runed translucent gate.
 50021 | Depths:1 | Found an ancient bone altar of Kikubaaqudgha.
 50026 | Depths:1 | Found a runed translucent gate.
 50035 | Depths:1 | Noticed an ancient lich
 50035 | Depths:1 | Noticed an ancient lich
 50036 | Depths:1 | Noticed an ancient lich
 50036 | Depths:1 | Noticed Glennadil's ghost (journeyman GnWn)
 50058 | Depths:1 | Killed an ancient lich
 50060 | Depths:1 | Killed an ancient lich
 50064 | Depths:1 | Killed Glennadil's ghost
 50064 | Depths:1 | Reached skill level 18 in Crossbows
 50068 | Depths:1 | Killed an ancient lich
 50084 | Depths:1 | Got an encrusted hat
 50095 | Depths:1 | Identified the +1 hat of Trumpets {rC- Int+10 SInv} (You
                  | found it on level 1 of the Depths)
 50112 | Depths:1 | Got a shimmering ivory amulet
 50113 | Depths:1 | Identified the amulet of Hosij {+Rage rF+} (You found it on
                  | level 1 of the Depths)
 50156 | Depths:1 | Received a gift from Yredelemnul (a vampire)
 50157 | Depths:1 | Found a gateway to Hell.
 50209 | Depths:1 | Received a gift from Yredelemnul (a skeletal warrior)
 50796 | Depths:2 | Found a one-way gate to the infinite horrors of the Abyss.
 50976 | Depths:2 | Reached skill level 15 in Stealth
 50988 | Depths:2 | Received a gift from Yredelemnul (a phantasmal warrior)
 51186 | Depths:2 | Found a magical portal.
 51380 | WizLab   | Found a transporter.
 51498 | WizLab   | Received a gift from Yredelemnul (a phantasmal warrior)
 51728 | WizLab   | Found a transporter.
 51827 | WizLab   | Reached XP level 23. HP: 183/188 MP: 41/41
 51839 | WizLab   | Received a gift from Yredelemnul (a vampire)
 52182 | WizLab   | Identified a +2 pair of boots of running (You found it in a
                  | wizard's laboratory)
 52610 | WizLab   | Reached skill level 15 in Long Blades
 52610 | WizLab   | Reached skill level 15 in Throwing
 52610 | WizLab   | Reached skill level 15 in Unarmed Combat
 52635 | WizLab   | Got a sparkling sapphire amulet
 52643 | WizLab   | Got a glittering tin ring
 52649 | WizLab   | Identified the amulet "Hakeik" {Spirit Slay+3} (You found
                  | it in a wizard's laboratory)
 52654 | WizLab   | Identified the ring "Ylefarugg" {rElec rF+ MR++ Str-5
                  | Slay+4} (You found it in a wizard's laboratory)
 52828 | Depths:2 | Received a gift from Yredelemnul (a vampire knight)
 52863 | Depths:2 | Found Osocaps's Jewellery Shoppe.
 52863 | Depths:2 | Found Usyech's Gadget Boutique.
 52864 | Depths:2 | Found Wearch's Jewellery Shoppe.
 52881 | Depths:2 | Reached skill level 15 in Slings
 52989 | Depths:2 | Noticed a golden dragon
 52992 | Depths:2 | Killed a golden dragon
 52998 | Depths:2 | Lost mutation: Your natural rate of healing is unusually
                  | fast. [potion of mutation]
 52998 | Depths:2 | Gained mutation: You are frail. (-10% HP) [potion of
                  | mutation]
 52998 | Depths:2 | Gained mutation: You are weak. (Str -2) [potion of
                  | mutation]
 52998 | Depths:2 | Gained mutation: You have a pair of small horns on your
                  | head. [potion of mutation]
 53171 | Depths:3 | You fall into a shaft and drop 2 floors!
 53171 | Depths:5 | Entered Level 5 of the Depths
 53377 | Depths:5 | Found Egoonycli's Gadget Shop.
 53394 | Depths:5 | Received a gift from Yredelemnul (a flayed ghost)
 53580 | Depths:5 | Found a one-way gate leading to the halls of Pandemonium.
 53603 | Depths:5 | Reached skill level 15 in Short Blades
 53603 | Depths:5 | Reached skill level 15 in Axes
 53603 | Depths:5 | Reached skill level 15 in Maces & Flails
 53603 | Depths:5 | Reached skill level 15 in Polearms
 53603 | Depths:5 | Reached skill level 15 in Staves
 53603 | Depths:5 | Reached skill level 15 in Bows
 53603 | Depths:5 | Reached skill level 15 in Armour
 53603 | Depths:5 | Reached skill level 15 in Dodging
 53603 | Depths:5 | Reached skill level 15 in Shields
 53603 | Depths:5 | Reached skill level 15 in Spellcasting
 53603 | Depths:5 | Reached skill level 15 in Evocations
 54064 | Depths:5 | Noticed Boris
 54085 | Depths:5 | Killed Boris
 54105 | Depths:5 | Noticed a golden dragon
 54122 | Depths:5 | Killed a golden dragon
 54122 | Depths:5 | Reached skill level 19 in Crossbows
 54315 | Depths:5 | Found a gate to the Realm of Zot.
 54321 | Zot:1    | Entered Level 1 of the Realm of Zot
 54356 | Zot:1    | Received a gift from Yredelemnul (a vampire)
 54723 | Zot:1    | Reached XP level 24. HP: 177/177 MP: 42/42
 55640 | Zot:3    | Learned a level 7 spell: Summon Hydra
 55646 | Zot:3    | Learned a level 5 spell: Silence
 55834 | Zot:3    | Received a gift from Yredelemnul (a flayed ghost)
 56053 | Zot:3    | Noticed an orb of fire
 56068 | Zot:3    | Gained mutation: Armour fits poorly on your strangely
                  | shaped body. [an orb of fire]
 56081 | Zot:3    | Killed an orb of fire
 56420 | Zot:3    | Received a gift from Yredelemnul (a phantasmal warrior)
 56977 | Zot:4    | Received a gift from Yredelemnul (a flayed ghost)
 57214 | Zot:4    | Got a brightly glowing plate armour
 57215 | Zot:4    | Identified the cursed +0 plate armour of Gestures {Str+4
                  | Int+2} (You found it on level 4 of the Realm of Zot)
 57305 | Zot:4    | Noticed a curse toe
 57316 | Zot:4    | Reached skill level 20 in Crossbows
 57329 | Zot:4    | Killed a curse toe
 57329 | Zot:4    | Reached XP level 25. HP: 144/183 MP: 42/42
 57427 | Zot:4    | Received a gift from Yredelemnul (a ghoul)
 58057 | Zot:5    | Entered Level 5 of the Realm of Zot
 58273 | Zot:5    | Received a gift from Yredelemnul (a skeletal warrior)
 58310 | Zot:5    | Received a gift from Yredelemnul (a flayed ghost)
 58484 | Zot:5    | Reached skill level 15 in Necromancy
 58648 | Zot:5    | Noticed an ancient lich
 58648 | Zot:5    | Noticed a Killer Klown
 58648 | Zot:5    | Noticed an orb of fire
 58648 | Zot:5    | Noticed an ancient lich
 58654 | Zot:5    | Noticed an ancient lich
 58658 | Zot:5    | Killed an ancient lich
 58660 | Zot:5    | Noticed a Killer Klown
 58681 | Zot:5    | Killed a Killer Klown
 58687 | Zot:5    | HP: 7/183 [??? (3)]
 58688 | Zot:5    | Mangled by an Orb Guardian

Levels and vault maps discovered:
D:1:      roderic_chinese_lattice_arrival, layout_basic, dk_noncrumbling_2,
          chequers_serial_rivers_micro_a
D:2:      minmay_wonky_spiral, layout_loops_cross,
          hangedman_abyss_or_decor_stabs
D:3:      layout_basic, tgw_sif
D:4:      layout_gridville, gup_sewer_entry_glass, uniq_crazy_yiuf_cottage,
          uniq_sigmund, uniq_duvessa
D:5:      layout_basic, lemuel_round_altar, serial_shops, shop, shop, shop,
          ebering_ghost_sewer_d, first_ration, uniq_edmund
D:6:      minmay_skewed_foursquare, layout_basic, kennysheep_generic_room_13
D:7:      minmay_octagon_keep, layout_loops_cross,
          gammafunk_temple_overflow_wave, minmay_temple_entry_statues_pillars,
          the_bakery, kennysheep_generic_room_10, uniq_menkaure
D:8:      layout_layer_cave, gammafunk_ghost_grave, special_room
          [special_room_orc], serial_glass, glass_columns_a, glass_columns_a,
          glass_columns_b, glass_columns_b, glass_columns_a, glass_columns_c,
          glass_columns_b, glass_columns_a, columned_hall_lemuel
D:9:      minmay_the_grid_octo_tiled_octocenter [minmay_the_grid_octo_odd_swirl,
          minmay_the_grid_octo_chip, minmay_the_grid_octo_clover,
          minmay_the_grid_octo_concentric, minmay_the_grid_octo_prize_big_c,
          minmay_the_grid_square_5x5_c, minmay_the_grid_square_5x5_z,
          minmay_the_grid_square_5x5_longway, minmay_the_grid_square_5x5_n],
          layout_irregular_city, uniq_erica, uniq_psyche
D:10:     layout_roguey [special_room_orc], lair_entry_dummy
D:11:     minmay_ornate_pinched, layout_rooms
D:12:     layout_loops_ring, david_orc_3
D:13:     layout_rooms, grunt_vaults_entry_fortified,
          nicolae_trove_entry_columns
D:14:     layout_stronghold, xom_redecorated, gammafunk_ghost_hydra_chop
D:15:     gammafunk_enter_depths_forms, layout_basic, gauntlet_entry_generic,
          nicolae_benzene_ring
Temple:   regret_index_temple_mists
Lair:1:   layout_chaotic_city, infiniplex_staircase_pool_2, grunt_megastairs_1
Lair:2:   layout_chaotic_city, basic_altar
Lair:3:   layout_regular_city, elwin_shoals_entry_rocks
Lair:4:   layout_regular_city, minmay_snake_entry_six_corridors
Lair:5:   layout_roguey, nicolae_slime_entry_slimehenge,
          eino_small_chamber_without_monster, beast_lair_carwin_10,
          lemuel_fruit_tree, uniq_kirke
Lair:6:   minmay_lair_end_frog_pond, layout_small_grid,
          portal_ice_cave_demonic_guard
Shoals:1: cheibrodos_shoals_satyrical_garden, layout_shoals, uniq_josephine
Shoals:2: layout_shoals, serial_shops, shop
Shoals:3: layout_shoals, kb_tengu_band
Shoals:4: shoals_end_grunt_garden, layout_shoals, lightli_airlock
Snake:1:  cheibrodos_snake_ritualist_ritual, layout_concentric_octagons,
          serial_shops, shop
Snake:2:  layout_onion_interference, st_stairs_6,
          nicolae_snake_round_shape_thing
Snake:3:  layout_gridlike, serial_shops, shop, basic_altar
Snake:4:  snake_pit_salamanders_mu, layout_grid_shapes
Orc:1:    layout_caves, basic_altar, nicolae_orc_flooded_monolith,
          uniq_nergalle, uniq_gastronok
Orc:2:    st_orc_town, layout_diamond_mine, okawaru_metal_pillars_3
Vaults:1: st_check, vaults_mumra_lcd, v_misc_27, vaults_room_stairs_pillars,
          grunt_vaults_twisty, vaults_room_pool, nicolae_vaults_alarming,
          v_misc_29, hangedman_vaults_locks, v_pattern_2, layout_vaults_ring,
          serial_shops, shop
Vaults:2: hangedman_vaults_nails, st_eye, v_pattern_5,
          nicolae_vaults_stairing_the_circle, v_misc_31,
          nicolae_vaults_sealed_display, ontoclasm_vaults_bender, v_misc_23,
          hangedman_vaults_capsules, v_misc_17, ontoclasm_vaults_ring_small,
          layout_vaults_omnigrid, serial_shops, shop_coins, uniq_donald
Vaults:3: hangedman_vaults_slither, nicolae_vaults_network_star, v_misc_28,
          nicolae_vaults_diagonal_hallway_7, nicolae_vaults_little_squares_1,
          nicolae_vaults_network_periphery, nicolae_vaults_ninety_degrees,
          nicolae_vaults_little_squares_2, minmay_crypt_entry_simple_box,
          vaults_room_corners, layout_vaults_big_room
Vaults:4: biasface_vaults_ghost_orc_armoury, grunt_vaults_funnel,
          vaults_room_pools, ontoclasm_vaults_claustrophobia,
          hangedman_vaults_pinch, v_misc_28, nicolae_vaults_what_the_h,
          nicolae_vaults_network_s, hangedman_vaults_maws,
          grunt_vaults_hallway_short, kb_rosetta,
          nicolae_vaults_ring_of_whatevers, ontoclasm_vaults_shuriken,
          layout_vaults_omnicross
Vaults:5: serial_shops
Depths:1: layout_cave_pools, gammafunk_ghost_crypt, grunt_mini_vestibule,
          kennysheep_generic_room_8, serial_bayou_shore_b
Depths:2: kennysheep_scales, layout_cave_pools, chequers_serial_rivers_small_b,
          infiniplex_enter_wizlab_glasses, hell_entry, abyss_entry,
          patterned_corridor, minmay_shop_grove
Depths:3: hangedman_pleasuredromes, hell_entry, pan_entry, abyss_entry,
          serial_shops
Depths:5: evilmike_zot_entry_gauntlet, layout_cave_pools,
          chequers_serial_rivers_large_a, pan_entry, serial_shops, shop,
          grunt_hell_entry_dis_grunt, serial_bayou_shore_a, uniq_boris
Zot:1:    layout_misc_corridors
Zot:2:    layout_misc_corridors
Zot:3:    layout_basic, hangedman_player_shredder
Zot:4:    layout_misc_corridors
Zot:5:    layout_twisted_circle, grunt_ministairs_1, uniq_tiamat

Skill      XL: |  1  2  3  4  5  6  7  8  9 10 11 12 13 14 15 16 17 18 19 20 21 22 23 24 25 |
---------------+----------------------------------------------------------------------------+-----
Fighting       | 11 12 13 14 15 16 17 18 | 18.2
Short Blades   | 1 2 3 4 5 6 7 8 9 10 11 12 13 14 15 16 | 16.0
Axes           | 1 2 3 4 5 6 7 8 9 10 11 12 13 14 15 16 | 16.0
Maces & Flails | 1 2 3 4 5 6 7 8 9 10 11 12 13 14 15 16 | 16.0
Polearms       | 1 2 3 4 5 6 7 8 9 10 11 12 13 14 15 16 | 16.0
Staves         | 1 2 3 4 5 6 7 8 9 10 11 12 13 14 15 16 | 16.0
Slings         | 1 2 3 4 5 6 7 8 9 10 11 12 13 14 15 16 | 16.1
Bows           | 1 2 3 4 5 6 7 8 9 10 11 12 13 14 15 16 | 16.0
Crossbows      | 1 2 3 4 5 6 7 9 10 11 13 14 15 16 17 18 19 20 | 20.2
Armour         | 1 2 3 4 5 6 7 8 9 10 11 12 13 14 15 16 | 16.0
Dodging        | 1 2 3 4 5 6 7 8 9 10 11 12 13 14 15 16 | 16.0
Shields        | 1 2 3 4 5 6 7 8 9 10 11 12 13 14 15 16 | 16.0
Spellcasting   | 1 2 3 4 5 6 7 8 9 10 11 12 13 14 15 16 | 16.0
Invocations    | 1 2 3 4 5 6 7 8 9 10 11 12 13 14 15 16 17 | 17.2
Evocations     | 1 2 3 4 5 6 7 8 9 10 11 12 13 14 15 16 | 16.0
Conjurations   | 1 2 3 4 5 6 7 8 9 10 11 12 13 | 13.8
Hexes          | 1 2 3 4 5 6 7 8 9 10 11 12 13 | 13.8
Charms         | 1 2 3 4 5 6 7 8 9 10 11 12 13 | 13.8
Summonings     | 1 2 3 4 5 6 7 8 9 10 11 12 13 | 13.8
Necromancy     | 1 2 3 4 5 6 7 8 9 10 11 12 13 14 15 | 15.0
Translocations | 1 2 3 4 5 6 7 8 9 10 11 12 13 | 13.8
Transmutations | 1 2 3 4 5 6 7 8 9 10 11 12 13 | 13.8
Fire Magic     | 1 2 3 4 5 6 7 8 9 10 11 12 13 | 13.8
Ice Magic      | 1 2 3 4 5 6 7 8 9 10 11 12 13 | 13.8
Air Magic      | 1 2 3 4 5 6 7 8 9 10 11 12 13 | 13.8
Earth Magic    | 1 2 3 4 5 6 7 8 9 10 11 12 13 | 13.8
Poison Magic   | 1 2 3 4 5 6 7 8 9 10 11 12 13 | 13.8
Long Blades    | 3 4 5 6 7 8 9 10 11 12 13 14 15 16 | 16.1
Throwing       | 3 4 5 6 7 8 9 10 11 12 13 14 15 16 | 16.1
Unarmed Combat | 3 4 5 6 7 8 9 10 11 12 13 14 15 16 | 16.1
Stealth        | 5 6 7 8 9 10 11 12 13 14 15 16 | 16.4

Action                   |  1- 3 |  4- 6 |  7- 9 | 10-12 | 13-15 | 16-18 | 19-21 | 22-24 | 25-27 || total
-------------------------+-------+-------+-------+-------+-------+-------+-------+-------+-------++-------
Melee: Spear             |    81 |   111 |       |       |       |       |       |       |       ||   192
       Bite              |     8 |    21 |    44 |   125 |   305 |   267 |   234 |   256 |    21 ||  1281
       Punch             |     2 |     1 |     2 |       |       |       |       |       |       ||     5
       Long sword        |       |    66 |   101 |       |       |       |       |       |       ||   167
       Quarterstaff      |       |       |    91 |       |       |       |       |       |       ||    91
       Pair of quick bla |       |       |   119 |   669 |  1644 |  1323 |   965 |  1058 |    90 ||  5868
       Great sword       |       |       |       |    14 |       |       |       |       |       ||    14
       Headbutt          |       |       |       |       |       |       |       |   160 |    38 ||   198
       Demon blade       |       |       |       |       |       |       |       |     7 |       ||     7
 Fire: Hunting sling     |       |    10 |       |       |       |       |       |       |       ||    10
       Shortbow          |       |       |    22 |       |       |       |       |       |       ||    22
       Arbalest          |       |       |       |       |       |     2 |       |       |       ||     2
Throw: Dart              |     8 |     7 |       |       |     4 |       |       |       |       ||    19
 Cast: Call Imp          |       |       |     3 |     8 |     2 |     3 |       |       |       ||    16
       Slow              |       |       |     1 |       |     3 |       |       |       |       ||     4
       Blink             |       |       |       |     1 |       |     2 |     4 |       |     1 ||     8
       Mephitic Cloud    |       |       |       |       |     2 |     2 |       |       |       ||     4
       Vampiric Draining |       |       |       |       |    12 |     1 |       |       |       ||    13
       Summon Guardian G |       |       |       |       |     8 |    14 |     5 |     4 |     1 ||    32
       Regeneration      |       |       |       |       |     1 |     1 |       |     2 |     3 ||     7
       Olgreb's Toxic Ra |       |       |       |       |     1 |     2 |     6 |     4 |       ||    13
       Summon Lightning  |       |       |       |       |       |     4 |     3 |     3 |     1 ||    11
       Spectral Weapon   |       |       |       |       |       |     2 |     2 |     1 |       ||     5
       Cause Fear        |       |       |       |       |       |     1 |     2 |       |       ||     3
       Summon Ice Beast  |       |       |       |       |       |       |       |    10 |     4 ||    14
       Summon Hydra      |       |       |       |       |       |       |       |     3 |     3 ||     6
       Summon Forest     |       |       |       |       |       |       |       |       |     1 ||     1
Invok: Animate Remains   |       |       |       |    31 |       |       |       |       |       ||    31
       Animate Dead      |       |       |       |    12 |    61 |    56 |    44 |    51 |     9 ||   233
       Recall Undead Sla |       |       |       |       |    16 |    17 |     5 |    17 |     3 ||    58
       Drain Life        |       |       |       |       |     4 |     8 |     4 |     6 |     6 ||    28
       Injury Mirror     |       |       |       |       |     2 |     2 |       |       |     1 ||     5
       Enslave Soul      |       |       |       |       |    13 |       |     1 |       |       ||    14
Evoke: Wand              |       |       |       |    14 |       |     1 |       |       |       ||    15
  Use: Scroll            |       |     7 |     3 |     7 |    15 |    12 |     8 |    14 |     2 ||    68
       Potion            |       |       |     8 |     1 |     5 |     2 |     2 |    13 |     5 ||    36
 Stab: Sleeping          |     5 |     8 |    15 |     8 |    33 |    36 |    74 |    62 |     1 ||   242
       Confused          |       |       |     4 |       |     4 |       |       |       |       ||     8
       Distracted        |       |       |     2 |     7 |    16 |    19 |    22 |    24 |     2 ||    92
       Paralysed         |       |       |     1 |       |     1 |       |       |     1 |       ||     3
  Eat: Chunk             |       |     5 |    12 |    19 |    49 |    49 |    29 |    18 |     2 ||   183
       Ration            |       |     1 |     1 |     6 |     8 |     5 |       |     8 |     2 ||    31
Armor: Ring mail         |    25 |    57 |    72 |   157 |   186 |   151 |    86 |       |       ||   734
       Leather armour    |       |       |    23 |       |       |       |    29 |   158 |    57 ||   267
       Plate armour      |       |       |       |       |   143 |   236 |       |       |       ||   379
       Scale mail        |       |       |       |       |       |     1 |       |       |       ||     1
       Skin              |       |       |       |       |       |       |     1 |       |       ||     1
       Gold dragon scale |       |       |       |       |       |       |    12 |       |       ||    12
Dodge: Dodged            |    36 |    78 |   163 |   309 |   651 |   631 |   391 |   628 |   199 ||  3086
Block: Other             |       |       |       |       |       |    22 |       |       |       ||    22
       Reflection        |       |       |       |       |       |     5 |       |       |       ||     5
       Rpst.: Long sword |       |     8 |    25 |       |       |       |       |       |       ||    33
       Great sword       |       |       |       |     3 |       |       |       |       |       ||     3
       Demon blade       |       |       |       |       |       |       |       |     1 |       ||     1
